 Dungeon Crawl Stone Soup version 0.30-a0-939-gc8157cb160 (webtiles) character file.

Game seed: 10553506683145681444

30126 BlueFish the Covert (level 13, -8/86 HPs)
             Began as an Octopode Warper on Mar 25, 2023.
             Was the Champion of Cheibriados.
             Mangled by a boulder beetle (14 damage)
             ... on level 5 of the Lair of Beasts.
             The game lasted 00:45:27 (17800 turns).

BlueFish the Covert (Octopode Warper)              Turns: 17800, Time: 00:45:28

Health: -8/86      AC: 13    Str: 29    XL:     13   Next: 49%
Magic:  22/22      EV: 20    Int: 31    God:    Cheibriados [******]
Gold:   1520       SH:  0    Dex: 27    Spells: 17/24 levels left

rFire   . . .      SeeInvis +    a - +2 flail (protect)
rCold   + . .      Faith    .    (no shield)
rNeg    . . .      Spirit   .    (helmet restricted)
rPois   +          Reflect  .    (no amulet)
rElec   .          Rampage  .    g - +4 ring of protection
rCorr   .                        h - ring of poison resistance
Will    .....                    j - +4 ring of protection
Stlth   +++++++                  Q - ring of see invisible
HPRegen 0.34/turn                S - +4 ring of protection
MPRegen 0.18/turn                W - ring of protection from cold
                                 (no ring)
                                 (no ring)

@: lethally poisoned (-8 -> -9), very slow
A: almost no armour, amphibious, 8 rings, camouflage 1, gelatinous body 1,
(nimble swimmer 1), tentacles
a: Renounce Religion, Bend Time, Temporal Distortion, Slouch, Step From Time


You were on level 5 of the Lair of Beasts.
You worshipped Cheibriados.
Cheibriados was exalted by your worship.
You visited 3 branches of the dungeon, and saw 17 of its levels.
You also visited: Bailey.

You collected 1722 gold pieces.
You spent 202 gold pieces at shops.

Inventory:

Hand Weapons
 a - a +2 flail of protection (weapon)
 b - the +8 storm bow {elec, penet}
   (You took it off an orc warrior in a bailey)
 u - a +3 morningstar of flaming
 v - a +1 heavy mace
 P - a +0 whip
Missiles
 c - 94 stones (quivered)
 s - 9 curare-tipped darts
 w - 47 poisoned darts
 F - 2 javelins
 G - 19 boomerangs
 I - 4 atropa-tipped darts
 J - 7 boomerangs of dispersal
 K - 4 datura-tipped darts
 R - 3 throwing nets
Armour
 x - a +1 kite shield of poison resistance
Jewellery
 g - a +4 ring of protection (left tentacle)
 h - a ring of poison resistance (right tentacle)
 j - a +4 ring of protection (on tentacle)
 Q - a ring of see invisible (on tentacle)
 S - a +4 ring of protection (on tentacle)
 W - a ring of protection from cold (on tentacle)
Wands
 B - a wand of polymorph (14)
 E - a wand of paralysis (10)
 T - a wand of flame (15)
 V - a wand of iceblast (5)
Scrolls
 e - 3 scrolls of fog
 f - 3 scrolls of fear {unknown}
 k - 4 scrolls of enchant armour
 n - 5 scrolls of blinking
 p - 4 scrolls of teleportation
 q - a scroll of summoning
 r - 2 scrolls of torment
 t - a scroll of enchant weapon
 y - 4 scrolls of vulnerability
 A - a scroll of magic mapping {unknown}
 L - a scroll of amnesia {unknown}
 N - 3 scrolls of brand weapon {unknown}
 U - a scroll of noise {unknown}
 X - a scroll of identify
 Y - a scroll of poison {unknown}
Potions
 d - 8 potions of curing
 i - 3 potions of berserk rage
 l - 2 potions of resistance
 m - 3 potions of heal wounds
 o - 2 potions of ambrosia
 z - 4 potions of lignification
 C - 4 potions of mutation
 D - 2 potions of flight {unknown}
 H - 2 potions of attraction {unknown}
 M - 3 potions of brilliance
Miscellaneous
 O - a condenser vane


   Skills:
 + Level 7.2 Fighting
 * Level 8.2 Maces & Flails
 + Level 5.0 Ranged Weapons
 + Level 6.9 Throwing
 + Level 7.2 Dodging
 + Level 11.8 Stealth
 - Level 3.8 Shields
 + Level 7.0 Unarmed Combat
 - Level 6.1 Spellcasting
 + Level 7.5 Translocations
 + Level 7.3 Invocations
 + Level 5.0 Evocations


You had 17 spell levels left.
You knew the following spells:

 Your Spells              Type           Power      Damage    Failure   Level
a - Blink                 Tloc           100%       N/A       1%          2
b - Lesser Beckoning      Tloc           100%       N/A       1%          2
c - Teleport Other        Tloc           54%        N/A       1%          3

Your spell library contained the following spells:

 Spells                   Type           Power      Damage    Failure   Level
 Apportation              Tloc           100%       N/A       1%          1
 Manifold Assault         Tloc           54%        N/A       2%          4
 Vhi's Electric Charge    Tloc/Air       66%        N/A       3%          3
 Necrotise                Necr           36%        1d5       4%          1
 Sting                    Tmut/Pois      36%        1d4       4%          1
 Summon Small Mammal      Summ           36%        N/A       4%          1
 Poisonous Vapours        Pois/Air       18%        N/A       8%          2
 Inner Flame              Hex/Fire       9%         N/A       14%         3
 Cause Fear               Hex            4%         N/A       43%         4
 Olgreb's Toxic Radiance  Pois           9%         N/A       43%         4
 Summon Ice Beast         Ice/Summ       9%         N/A       43%         4
 Summon Mana Viper        Hex/Summ       9%         N/A       80%         5
 Monstrous Menagerie      Summ           4%         N/A       100%        7
 Discord                  Hex            4%         N/A       100%        8


Dungeon Overview and Level Annotations

Branches:
Dungeon (11/15)            Temple (1/1) D:4            Lair (5/5) D:10
 Shoals (0/4) Lair:3       Spider (0/4) Lair:3        Slime (0/5) Lair:4
 Bailey (visited)
    Orc: D:9-12

Altars:
Ashenzari
Cheibriados
Dithmenos
Elyvilon
Fedhas
Gozag
Hepliaklqana
Kikubaaqudgha
Makhleb
Nemelex Xobeh
Okawaru
Qazlal
Ru
Sif Muna
Trog
Uskayaw
Vehumet
Wu Jian
Xom
Yredelemnul
Zin
The Shining One
Jiyva

Shops:
D:4 =([:[   D:9 *

Annotations:
Lair:2 2 transporters, Gyomer's ghost, journeyman DjFE
Lair:4 1 runed translucent door


Innate Abilities, Weirdness & Mutations

You cannot wear most types of armour.
You are amphibious.
You can wear up to eight rings at the same time.
Your skin changes colour to match your surroundings (Stealth+).
Your rubbery body absorbs attacks. (AC +1, EV +1)
((You are camouflaged when in or above water. (Stealth+)))
You have tentacles for arms and can constrict up to eight enemies at once.


Message History

Lightning courses through the boulder beetle!!
The boulder beetle is moderately wounded.
You feel sick.
Fire: b) +8 storm bow {elec, penet}
Press: ? - help, Q - select action, (/) - cycle Shift-Dir - straight line, f/p - boulder beetle
Aim: a boulder beetle (moderately wounded, 92% to hit)
You shoot an arrow.
The arrow pierces through the boulder beetle.
The boulder beetle is moderately wounded.
You feel sick.
Fire: b) +8 storm bow {elec, penet}
Press: ? - help, Q - select action, (/) - cycle Shift-Dir - straight line, f/p - boulder beetle
Aim: a boulder beetle (moderately wounded, 92% to hit)
You shoot an arrow.
The arrow pierces through the boulder beetle!
The boulder beetle is moderately wounded.
You feel sick.
The boulder beetle curls into a ball and begins rolling!
Fire: b) +8 storm bow {elec, penet}
Press: ? - help, Q - select action, (/) - cycle Shift-Dir - straight line, f/p - boulder beetle
Aim: a boulder beetle (moderately wounded, rolling, 92% to hit)
You shoot an arrow.
The arrow pierces through the boulder beetle!
The boulder beetle is heavily wounded.
You feel sick.
Fire: b) +8 storm bow {elec, penet}
Press: ? - help, Q - select action, (/) - cycle Shift-Dir - straight line, f/p - boulder beetle
Aim: a boulder beetle (heavily wounded, rolling, 92% to hit)
You shoot an arrow.
The arrow pierces through the boulder beetle.
The boulder beetle is heavily wounded.
You feel sick. The boulder beetle hits you!!!
Ouch! That really hurt!
* * * LOW HITPOINT WARNING * * *
The boulder beetle stops rolling and uncurls.
The +8 storm bow {elec, penet} stops crackling.
Your +2 flail of protection hums with potential!
a - a +2 flail of protection (weapon)
The boulder beetle bites you!
You die...

#.......# #.......#
#......## ##
#......P .#
#P...... .##
#..°..## ..##
#...B.†# ...##
##....@## ....##
#.......# .....##
####.....##
#..♣..###.###.....#
.......#..♣.......#
.......#.....#....#
.♣.<†♣.+.†<.♣♣...##
....†........#....♣
.......##.♣.##....♣


You could see a boulder beetle.

Vanquished Creatures
  4 hydras
  Harold (Lair:2)
  A boulder beetle (D:11)
  3 two-headed ogres (D:11)
  Amaemon (Lair:2)
  An orc knight (Bailey)
  7 elephants
  4 black mambas
  A merfolk siren (Lair:3)
  An orange demon (Lair:2)
  2 gargoyles (D:11)
  A rime drake (Lair:3)
  11 cane toads
  2 komodo dragons
  A polar bear (Lair:4)
  A meliai (Lair:3)
  20 blink frogs
  5 dream sheep
  A shadow (D:10)
  A vampire (D:9)
  A wraith (D:10)
  Sigmund (D:6)
  3 basilisks
  6 wyverns
  A steam dragon (D:8)
  12 yaks
  11 water moccasins
  2 acid dragons (D:10)
  2 ice beasts
  A black bear (D:6)
  2 sky beasts (D:6)
  10 orc warriors
  2 centaurs
  4 wolves (Lair:4)
  8 kobold brigands
  A phantom (D:5)
  10 bullfrogs
  A scorpion (D:6)
  4 wights (D:8)
  8 killer bees
  2 howler monkeys
  4 jellies
  8 orc priests
  4 hounds
  An iguana (D:5)
  12 orc wizards
  4 hell rats
  8 gnolls
  9 adders
  2 shadow imps
  2 white imps
  An ufetubus (D:7)
  2 worms
  5 dart slugs
  39 orcs
  8 ball pythons
  2 endoplasms (D:3)
  5 giant cockroaches
  12 goblins
  9 hobgoblins
  8 jackals
  3 quokkas
  5 bats
  5 frilled lizards
  25 kobolds
  4 rats
348 creatures vanquished.

Vanquished Creatures (others)
  An orc wizard (D:7)
  22 fungi
  31 plants
54 creatures vanquished.

Grand Total: 402 creatures vanquished

Notes
Turn   | Place    | Note
-------+----------+-------------------------------------------
     0 | D:1      | BlueFish the Octopode Warper began the quest for the Orb.
     0 | D:1      | Reached XP level 1. HP: 14/14 MP: 3/3
   290 | D:1      | Reached XP level 2. HP: 19/19 MP: 5/5
   293 | D:1      | Reached skill level 1 in Stealth
   573 | D:1      | Reached XP level 3. HP: 24/24 MP: 6/6
   661 | D:2      | Reached skill level 2 in Stealth
  1040 | D:2      | Found a hide-covered altar of Uskayaw.
  1142 | D:2      | Reached XP level 4. HP: 29/29 MP: 7/7
  1956 | D:3      | Reached skill level 1 in Maces & Flails
  1987 | D:3      | Learned a level 2 spell: Blink
  1990 | D:3      | Learned a level 2 spell: Lesser Beckoning
  1994 | D:3      | Learned a level 3 spell: Teleport Other
  2046 | D:3      | Reached XP level 5. HP: 35/35 MP: 8/8
  2115 | D:3      | Reached skill level 3 in Stealth
  2150 | D:3      | Found an ancient bone altar of Kikubaaqudgha.
  2155 | D:3      | Found an opulent altar of Gozag.
  2155 | D:3      | Found a sacrificial altar of Ru.
  2969 | D:4      | Found a staircase to the Ecumenical Temple.
  2976 | D:4      | Found Suhaed's Book Shop.
  2983 | Temple   | Entered the Ecumenical Temple
  3008 | Temple   | Became a worshipper of Cheibriados the Contemplative
  3047 | D:4      | Found Ylalar's Antique Armour Emporium.
  3098 | D:4      | Found Rimy's Antique Armour Shop.
  3230 | D:4      | Found Ytyext's Weapon Boutique.
  3505 | D:4      | Found Ralekall's Jewellery Shoppe.
  3620 | D:4      | Bought a runed kite shield for 202 gold pieces
  3686 | D:5      | Entered Level 5 of the Dungeon
  3746 | D:5      | Identified the +1 robe of Kobb {Str+2}
  3813 | D:5      | Noticed a centaur
  3820 | D:5      | Killed a centaur
  3821 | D:5      | Reached XP level 6. HP: 37/41 MP: 6/9
  3860 | D:5      | Reached skill level 4 in Stealth
  3860 | D:5      | Reached skill level 1 in Invocations
  4103 | D:5      | Reached * piety under Cheibriados
  4104 | D:5      | Reached skill level 1 in Shields
  4108 | D:5      | Reached XP level 7. HP: 35/46 MP: 9/11
  4885 | D:6      | Found a broken altar of Ashenzari.
  4932 | D:6      | Reached skill level 5 in Stealth
  4973 | D:6      | Reached ** piety under Cheibriados
  4981 | D:6      | Reached XP level 8. HP: 44/52 MP: 12/12
  5015 | D:6      | Noticed Sigmund
  5140 | D:6      | Killed Sigmund
  5223 | D:6      | Reached skill level 6 in Stealth
  5500 | D:6      | Found a sparkling altar of Nemelex Xobeh.
  5691 | D:6      | Noticed Maggie
  5720 | D:6      | Found a hide-covered altar of Uskayaw.
  5871 | D:6      | Found a burning altar of Makhleb.
  5928 | D:6      | Maggie changed into Maggie the blink frog
  5928 | D:6      | Noticed Maggie
  5937 | D:6      | Killed Maggie the blink frog
  5938 | D:6      | Reached XP level 9. HP: 32/58 MP: 14/14
  6341 | D:7      | Reached skill level 7 in Stealth
  6380 | D:7      | Reached *** piety under Cheibriados
  6856 | D:7      | Identified the +10 battleaxe of Logim {flame, +Blink rCorr
                  | Stlth+}
  7307 | D:8      | Found a flagged portal.
  7312 | Bailey   | Entered a bailey
  7359 | Bailey   | Reached **** piety under Cheibriados
  7366 | Bailey   | Noticed an orc knight
  7386 | Bailey   | Killed an orc knight
  7387 | Bailey   | Reached skill level 8 in Stealth
  7387 | Bailey   | Reached skill level 5 in Translocations
  7635 | Bailey   | Reached XP level 10. HP: 45/65 MP: 14/16
  7886 | Bailey   | Found a burning altar of Makhleb.
  8633 | D:8      | Reached skill level 5 in Dodging
  8878 | D:9      | Found Voiguam's General Store.
  8924 | D:9      | Reached skill level 9 in Stealth
  9135 | D:9      | Noticed an eight-headed hydra
  9249 | D:9      | Reached skill level 1 in Ranged Weapons
  9524 | D:9      | Killed an eight-headed hydra
  9525 | D:9      | Reached skill level 5 in Fighting
  9590 | D:9      | Reached skill level 5 in Unarmed Combat
  9596 | D:9      | Reached ***** piety under Cheibriados
  9774 | D:10     | Entered Level 10 of the Dungeon
  9875 | D:10     | Reached skill level 5 in Invocations
 10031 | D:10     | Reached XP level 11. HP: 46/72 MP: 18/18
 10210 | D:10     | Reached skill level 5 in Throwing
 10210 | D:10     | Reached skill level 10 in Stealth
 10304 | D:10     | Found a staircase to the Lair.
 10871 | D:11     | Reached skill level 1 in Evocations
 10881 | D:11     | Reached skill level 5 in Maces & Flails
 10881 | D:11     | Reached skill level 5 in Spellcasting
 10881 | D:11     | Noticed a two-headed ogre
 10889 | D:11     | Killed a two-headed ogre
 10945 | D:11     | Noticed a two-headed ogre
 10953 | D:11     | Killed a two-headed ogre
 11274 | D:11     | Noticed a two-headed ogre
 11281 | D:11     | Killed a two-headed ogre
 11516 | D:11     | Noticed a boulder beetle
 11735 | D:11     | Killed a boulder beetle
 12148 | Lair:1   | Entered Level 1 of the Lair of Beasts
 12996 | Lair:1   | Reached XP level 12. HP: 42/79 MP: 20/20
 13108 | Lair:1   | Noticed a five-headed hydra
 13282 | Lair:1   | Killed a five-headed hydra
 13632 | Lair:2   | Noticed a five-headed hydra
 13638 | Lair:2   | Killed a five-headed hydra
 13741 | Lair:2   | Noticed Harold
 13828 | Lair:2   | Found a transporter.
 13828 | Lair:2   | Noticed Gyomer's ghost (journeyman DjFE)
 13837 | Lair:2   | Noticed Amaemon
 13958 | Lair:2   | Identified the +2 robe "Yhecw" {rN+ Will+++ rCorr Str-3}
 14016 | Lair:2   | Found a transporter.
 14039 | Lair:2   | Killed Amaemon
 14040 | Lair:2   | Reached skill level 11 in Stealth
 14231 | Lair:2   | Killed Harold
 15346 | Lair:3   | Found a staircase to the Shoals.
 15538 | Lair:3   | Found a hole to the Spider Nest.
 15731 | Lair:3   | Reached ****** piety under Cheibriados
 16049 | Lair:4   | Reached XP level 13. HP: 85/85 MP: 22/22
 16861 | Lair:4   | Found a runed translucent door.
 16862 | Lair:4   | Found a viscous altar of Jiyva.
 16862 | Lair:4   | Noticed an acid blob
 16862 | Lair:4   | Noticed an acid blob
 16863 | Lair:4   | Noticed an acid blob
 16864 | Lair:4   | Found a staircase to the Slime Pits.
 17309 | Lair:5   | Entered Level 5 of the Lair of Beasts
 17591 | Lair:4   | Reached skill level 5 in Evocations
 17793 | Lair:5   | Reached skill level 5 in Ranged Weapons
 17800 | Lair:5   | Mangled by a boulder beetle

Illustrated notes

Levels and vault maps discovered:
D:1:      dpeg_arrival_ternary, layout_basic, serial_aquarium,
          aquarium_bridge_square [aquarium_subvault_bridge,
          aquarium_subvault_window, aquarium_subvault_wall,
          aquarium_subvault_bridge], aquarium_window_1, aquarium_window_1,
          aquarium_window_2, aquarium_view_2c, aquarium_pool_2
D:2:      layout_basic, basic_altar, serial_co_window_serial, co_window_paths_b,
          co_window_corner_a, co_window_paths_a, co_window_cross_1,
          co_window_corner_a, co_window_corner_b, co_window_broadway_a,
          co_window_broadway_b, co_window_of_opportunity_b, co_window_paths_c,
          co_window_cross_3, co_window_paths_c, co_window_4corner_a,
          co_window_paths_d, glass_columns_b, glass_columns_b, glass_columns_c,
          st_stairs_14
D:3:      layout_loops_corners, minitemple, minmay_misc_feat_cross,
          hangedman_decor_growths
D:4:      layout_cave_pools, temple_doors_e, serial_shops,
          nicolae_inconvenience_store, nicolae_lakefront_shop, shop,
          nicolae_shop_bloodbath_and_beyond,
          nicolae_shop_temple_entry_statues_fountains
D:5:      layout_loops_corners
D:6:      layout_basic, lemuel_round_altar, mainiacjoe_overflow_swirl,
          ashenzari_altar_1, serial_bayou_pond_a, uniq_sigmund, uniq_maggie
D:7:      nicolae_cairo_tiling, layout_rooms, minmay_starry_boxes
D:8:      layout_layer_cave, enter_bailey_3
D:9:      layout_roguey, serial_shops, shop
D:10:     layout_basic, david_lair_shrubbed, minmay_crystal_water
D:11:     layout_gridville, chequers_mini_garden, nrook_pool_corridor,
          grunt_ministairs_11
Temple:   eino_wide_crystal_templ
Lair:1:   layout_cave_pods, chequers_serial_rivers_micro_e
Lair:2:   layout_long_grid, gammafunk_ghost_berserking_beasts,
          infiniplex_staircase_pool, uniq_harold, uniq_amaemon
Lair:3:   layout_chaotic_city, minmay_shoals_entry_lonely_mermaid,
          hellmonk_spider_entry_not_the_bees
Lair:4:   layout_cave_pods, slime_entry_2
Lair:5:   minmay_lair_end_enchanted_forest, layout_cellular_growth,
          lemuel_fruit_fields, infiniplex_staircase_pool_2, grunt_megastairs_3,
          uniq_sonja

Skill      XL: |  1  2  3  4  5  6  7  8  9 10 11 12 13 |
---------------+----------------------------------------+-----
Stealth        | 1 2 3 4 5 6 8 9 10 11 | 11.8
Maces & Flails | 1 2 3 4 6 7 8 |  8.2
Throwing       | 2 3 4 5 6 |  6.9
Dodging        | 3 4 5 6 7 |  7.2
Invocations    | 1 2 3 4 5 6 7 |  7.3
Fighting       | 3 4 5 6 7 |  7.2
Shields        | 1 2 3 |  3.8
Unarmed Combat | 3 4 5 6 7 |  7.0
Spellcasting   | 3 4 5 6 |  6.1
Translocations | 4 5 6 7 |  7.5
Ranged Weapons | 2 3 4 5 |  5.0
Evocations     | 3 4 5 |  5.0

Action                     |  1- 3 |  4- 6 |  7- 9 | 10-12 | 13-15 || total
---------------------------+-------+-------+-------+-------+-------++-------
  Melee: Club              |    53 |       |       |       |       ||    53
         Dagger            |     5 |       |       |       |       ||     5
         Constrict         |    27 |    26 |    57 |    29 |    28 ||   167
         Unarmed           |     2 |       |       |       |       ||     2
         Punch             |     3 |     4 |    15 |    17 |     1 ||    40
         Tentacles         |    14 |    30 |    81 |    71 |    38 ||   234
         Whip              |    16 |   143 |   276 |   156 |       ||   591
         Flail             |       |       |       |    71 |   109 ||   180
   Fire: Longbow           |       |       |       |   310 |    46 ||   356
  Throw: Stone             |       |     9 |    31 |     1 |       ||    41
         Dart              |       |       |    31 |     1 |       ||    32
         Boomerang         |       |       |     5 |       |       ||     5
         Javelin           |       |       |     2 |       |       ||     2
   Cast: Lesser Beckoning  |       |     2 |    28 |       |       ||    30
         Blink             |       |       |     1 |    14 |       ||    15
         Teleport Other    |       |       |       |     9 |       ||     9
 Invoke: Bend Time         |       |       |       |     2 |       ||     2
         Temporal Distorti |       |       |       |     2 |       ||     2
  Evoke: Wand              |       |       |     1 |       |       ||     1
    Use: Scroll            |       |     7 |     8 |     8 |       ||    23
         Potion            |       |     1 |       |       |       ||     1
   Stab: Sleeping          |     6 |     8 |     2 |       |     1 ||    17
 Armour: Skin              |    21 |    40 |    92 |    86 |    42 ||   281
  Dodge: Dodged            |    41 |    99 |   170 |   312 |   122 ||   744

Table legend: (Time is in decaauts)
 A = Elapsed time spent in this place.
 B = Non-inter-level travel time spent in this place.
 C = Inter-level travel time spent in this place.
 D = Time resting spent in this place.
 E = Time spent auto-exploring this place.
 F = Levels seen in this place.
 G = Mean time per level.
                   A        B        C        D        E       F      G
               +--------+--------+--------+--------+--------+-----+--------+
         Total |  24119 |  22718 |   1401 |    605 |  18727 |  18 | 1339.9 |
       Dungeon |  14598 |  13821 |    777 |     58 |  11542 |  11 | 1327.1 |
        Temple |     59 |     50 |      9 |      0 |     29 |   1 |   59.0 |
          Lair |   8754 |   8140 |    614 |    542 |   6639 |   5 | 1750.8 |
        Bailey |    706 |    706 |      0 |      5 |    516 |   1 |  706.0 |
               +--------+--------+--------+--------+--------+-----+--------+

Top non-repeatable levels by time:
  Lair:4: 2506 daAuts
  Lair:2: 2428 daAuts
  Lair:1: 2138 daAuts
    D:10: 1872 daAuts
    D:11: 1615 daAuts
     D:8: 1582 daAuts
     D:6: 1562 daAuts
  Lair:3: 1447 daAuts
     D:7: 1430 daAuts
     D:5: 1359 daAuts
     D:9: 1260 daAuts
     D:2: 1239 daAuts
     D:3: 1051 daAuts
     D:4: 967 daAuts
  Bailey: 706 daAuts
